 Dungeon Crawl Stone Soup version 0.27-a0-1071-ga85bd9520d (webtiles) character file.

Game seed: 16433325088754178420

110 porpoise the Skirmisher (level 4, 0/37 HPs)
             Began as a Djinni Venom Mage on Apr 25, 2021.
             Killed by divine providence
             ... invoked by an orc priest
              (8 damage)
             ... on level 3 of the Dungeon.
             The game lasted 00:09:20 (3138 turns).

porpoise the Skirmisher (Djinni Venom Mage)         Turns: 3138, Time: 00:09:20

Health: 0/37       AC:  3    Str:  7    XL:     4   Next: 91%
Gold:   88         EV: 12    Int: 17    God:
                   SH:  0    Dex: 14

rFire    + + .     SeeInvis .   b - +0 hunting sling
rCold    x . .     Faith    .   (no shield)
rNeg     . . .     Spirit   .   q - +0 robe
rPois    ∞         Reflect  .   (no helmet)
rElec    .         Harm     .   p - +0 cloak
rCorr    .         Rampage  .   (no gloves)
Will     .....                  (boots unavailable)
Stlth    ++........             (no amulet)
HPRegen  0.12/turn              (no ring)
MPRegen  0.00/turn              (no ring)

@: flying, studying Fighting
A: fire resistance 2, cold vulnerability 1, float, innate caster, hp casting,
extra vitality 1
a: no special abilities


You were on level 3 of the Dungeon.
You visited 1 branch of the dungeon, and saw 3 of its levels.

You collected 88 gold pieces.

Inventory:

Hand Weapons
 a - a +1 dagger of speed
 b - a +0 hunting sling (weapon)
Missiles
 c - 22 stones (quivered ammo)
 e - 18 arrows
 i - 29 bolts
Armour
 p - a +0 cloak (worn)
 q - a +0 robe (worn)
Magical Staves
 n - a staff of earth
Wands
 m - a wand of flame (17)
Scrolls
 d - a scroll of amnesia {unknown}
 k - a scroll of identify {unknown}
 l - a scroll of magic mapping {unknown}
 o - a scroll of teleportation {unknown}
Potions
 f - a potion of heal wounds {unknown}
 g - 3 potions of might {unknown}
 h - a potion of haste {unknown}
 j - 5 potions of curing {unknown}
 r - a potion of lignification {unknown}


   Skills:
 + Level 4.3 Fighting
 - Level 2.1 Dodging
 - Level 1.5 Stealth
 + Level 3.7 Spellcasting


You couldn't memorise any spells.
You knew the following spells:

 Your Spells              Type           Power      Damage    Failure   Level
a - Sting                 Tmut/Pois      64%        1d6       3%          1
b - Pain                  Necr           64%        1d7       3%          1
i - Ignite Poison         Fire/Tmut/Pois 16%        N/A       11%         3
m - Mephitic Cloud        Conj/Pois/Air  16%        N/A       11%         3
o - Olgreb's Toxic Radia  Pois           16%        N/A       34%         4
v - Poisonous Vapours     Pois/Air       32%        N/A       5%          2
Your spell library was empty.

Dungeon Overview and Level Annotations

Branches:
Dungeon (3/15)

Altars:
Ru

Shops:
D:3 =


Innate Abilities, Weirdness & Mutations

You are immune to poison.
Your flesh is very heat resistant. (rF++)
You are vulnerable to cold. (rC-)
You float through the air rather than walking.
You learn spells naturally, not from books.
Your magical power is your life essence.
You have superior vitality. (+4 HP)


Message History

You shoot a stone. The orc shouts!
The orc priest shouts!
The goblin shouts!
The stone hits the orc priest.
The orc priest is lightly wounded.
You shoot a stone. The stone hits the orc.
The orc is heavily wounded.
An orc comes into view. It is wielding a +0 mace.
You shoot a stone. The stone hits the orc.
You kill the orc!
You shoot a stone. The stone hits the orc priest.
The orc priest is heavily wounded.
The orc priest calls down the wrath of Beogh upon you.
Beogh smites you!
You shoot a stone. The stone hits the orc priest.
The orc priest is severely wounded.
The orc priest calls down the wrath of Beogh upon you.
Pain shoots through your body!
You are too injured to fight recklessly!
You are too injured to fight recklessly!
Unknown command.
You are too injured to fight recklessly!
You are too injured to fight recklessly!
Fire: 24 stones
Press: ? - help, Q - select action, (/) - cycle Shift-Dir - straight line, f/p - orc priest
Aim: an orc priest, wielding a +0 hand axe and wearing a +0 leather armour (severely wounded, 60% to hit)
You shoot a stone. The stone barely misses the orc.
The stone hits the orc priest but does no damage.
The orc priest is severely wounded.
The orc priest calls down the wrath of Beogh upon you.
Beogh smites you!
* * * LOW HITPOINT WARNING * * *
The orc barely misses you.
Fire: 23 stones
Press: ? - help, Q - select action, (/) - cycle Shift-Dir - straight line, f/p - orc priest
Aim: an orc priest, wielding a +0 hand axe and wearing a +0 leather armour (severely wounded, 60% to hit)
You shoot a stone. The stone hits the orc.
The orc is severely wounded.
The orc priest mumbles some strange prayers to Beogh against you.
Beogh smites you!
You die...

...##.###.#####
#.#....#.# . ...##.#.##
.. ####.##....# .((
#......†#### ...(
#.......+ ....(
###.......####
.....(###.............#
.....ooo@..######......
#####.g....# #......)
#......# #.......
#.[....# #.......
#......# .......
........# #...
.#.#.##### ..#.


You could see an orc priest, 2 orcs and a goblin.

Vanquished Creatures
  A hound (D:3)
  2 adders (D:3)
  2 dart slugs
  An orc (D:3)
  4 bats
  5 endoplasms
  5 giant cockroaches
  9 goblins
  2 hobgoblins
  3 jackals (D:3)
  6 kobolds
  3 quokkas
  5 ball pythons
  2 frilled lizards
  2 rats
52 creatures vanquished.

Notes
Turn   | Place    | Note
-------+----------+-------------------------------------------
     0 | D:1      | porpoise the Djinni Venom Mage began the quest for the Orb.
     0 | D:1      | Reached XP level 1. HP: 15/15 MP: 0/0
   274 | D:1      | Reached skill level 1 in Fighting
   295 | D:1      | Reached XP level 2. HP: 21/22 MP: 0/0
   810 | D:1      | Reached skill level 2 in Fighting
  1115 | D:1      | Reached XP level 3. HP: 29/29 MP: 0/0
  1115 | D:1      | Learned a level 1 spell: Pain
  1206 | D:1      | Found a faded altar of an unknown god.
  1431 | D:2      | Found a sacrificial altar of Ru.
  2190 | D:3      | Reached skill level 3 in Fighting
  2220 | D:3      | Reached XP level 4. HP: 6/37 MP: 0/0
  2675 | D:3      | Found Qoydghat's Jewellery Shoppe.
  2689 | D:3      | Reached skill level 4 in Fighting
  3138 | D:3      | Killed from afar by an orc priest

Illustrated notes

Levels and vault maps discovered:
D:1:      co_arrival_square_in_a_square_in_a_square, layout_basic,
          shapermc_ecumenical_altar_notcrosses, nrook_mini_vaults
D:2:      layout_rooms, basic_altar, minmay_misc_feat_columns,
          minmay_misc_feat_five, minmay_misc_feat_doors
D:3:      layout_basic, fedhas_altar_1, serial_shops, shop

Skill      XL: |  1  2  3  4 |
---------------+-------------+-----
Fighting       | 1 2 3 4 |  4.3
Spellcasting   | 3 |  3.7
Dodging        | |  2.1
Stealth        | |  1.5

Action                   |  1- 3 |  4- 6 || total
-------------------------+-------+-------++-------
Melee: Dagger            |    65 |    12 ||    77
       Unarmed           |     3 |       ||     3
 Fire: Hunting sling     |    30 |    44 ||    74
 Cast: Sting             |    23 |     4 ||    27
       Poisonous Vapours |     1 |     6 ||     7
 Stab: Sleeping          |     2 |       ||     2
Armor: Robe              |     9 |     5 ||    14
Dodge: Dodged            |    64 |    31 ||    95

Table legend: (Time is in decaauts)
 A = Elapsed time spent in this place.
 B = Non-inter-level travel time spent in this place.
 C = Inter-level travel time spent in this place.
 D = Time resting spent in this place.
 E = Time spent auto-exploring this place.
 F = Levels seen in this place.
 G = Mean time per level.
                   A        B        C        D        E       F      G
               +--------+--------+--------+--------+--------+-----+--------+
         Total |   3124 |   3079 |     45 |   1039 |   1631 |   3 | 1041.3 |
       Dungeon |   3124 |   3079 |     45 |   1039 |   1631 |   3 | 1041.3 |
               +--------+--------+--------+--------+--------+-----+--------+

Top non-repeatable levels by time:
     D:1: 1417 daAuts
     D:3: 958 daAuts
     D:2: 749 daAuts
